 Dungeon Crawl Stone Soup version 0.23.1-44-gbd83930989 (webtiles) character file.

Game seed: 8559426834117653602

26690 Norn the Fighter (level 13, -1/114 HPs)
             Began as a Black Draconian Transmuter on Mar 31, 2019.
             Was the Champion of Okawaru.
             Slain by a blink frog (16 damage)
             ... on level 4 of the Lair of Beasts.
             The game lasted 01:05:55 (20694 turns).

Norn the Fighter (Black Draconian Transmuter)      Turns: 20694, Time: 01:05:56

Health: -1/114     AC:  2    Str: 14    XL:     13   Next: 0%
Magic:  23/27      EV: 31    Int: 17    God:    Okawaru [******]
Gold:   453        SH:  0    Dex: 21    Spells: 17/32 levels left

rFire    . . .     SeeInvis +     - Unarmed
rCold    . . .     Gourm    .   (shield currently unavailable)
rNeg     . . .     Faith    .   (armour unavailable)
rPois    x         Spirit   .   (helmet currently unavailable)
rElec    .         Reflect  .   (cloak currently unavailable)
rCorr    .         Harm     .   (gloves currently unavailable)
MR       .....                  (boots currently unavailable)
Stlth    ++........             y - amulet of the acrobat
HPRegen  0.29/turn              j - +4 ring of dexterity
MPRegen  0.20/turn              z - ring of see invisible

@: spider-form
A: tiny, (breathe lightning), unfitting armour, AC +8
a: End Transformation, Heroism, Finesse, Renounce Religion


You were on level 4 of the Lair of Beasts.
You worshipped Okawaru.
Okawaru was exalted by your worship.
You were not hungry.
You were a venomous arachnid creature.
You visited 3 branches of the dungeon, and saw 15 of its levels.
You also visited: Ossuary.

You collected 1113 gold pieces.
You spent 660 gold pieces at shops.

Inventory:

Hand Weapons
 b - a +1 hunting sling
   (You took it off a goblin on level 2 of the Dungeon)
 T - a +0 blowgun
   (You took it off Sonja on level 3 of the Lair of Beasts)
Missiles
 a - 305 arrows
 n - 355 stones (quivered)
 F - 27 poisoned needles
 N - 9 curare-tipped needles {!f}
Armour
 G - a +0 cloak (melded)
   (You found it on level 2 of the Lair of Beasts)
 K - a +0 pair of boots (melded)
   (You found it on level 9 of the Dungeon)
 Q - a +2 hat of see invisible (melded)
   (You took it off Gastronok on level 2 of the Lair of Beasts)
 R - a +0 pair of gloves (melded)
   (You found it on level 2 of the Lair of Beasts)
Magical Staves
 J - an uncursed staff of summoning
   (You found it on level 9 of the Dungeon)
 M - an uncursed staff of fire
   (You found it on level 9 of the Dungeon)
 S - an uncursed staff of earth
   (You found it on level 3 of the Lair of Beasts)
Jewellery
 j - a +4 ring of dexterity (left front leg)
   (You took it off a hobgoblin on level 1 of the Dungeon)
 p - a +2 ring of evasion
   (You took it off an orc on level 7 of the Dungeon)
 y - an amulet of the acrobat (around neck)
   (You found it on level 6 of the Dungeon)
 z - a ring of see invisible (right front leg)
   (You found it on level 6 of the Dungeon)
 C - an uncursed amulet of faith {unknown}
   (You found it on level 2 of the Lair of Beasts)
Wands
 c - a wand of disintegration (9)
   (You found it on level 4 of the Lair of Beasts)
 d - a wand of iceblast (19)
   (You found it on level 4 of the Dungeon)
 r - a wand of scattershot (7)
   (You took it off an orc wizard on level 4 of the Dungeon)
 t - a wand of flame (20)
   (You found it on level 8 of the Dungeon)
 v - a wand of digging (5)
   (You found it on level 9 of the Dungeon)
 x - a wand of acid (8)
   (You found it on level 3 of the Dungeon)
Scrolls
 g - a scroll of enchant weapon
 h - a scroll of enchant armour
 m - 5 scrolls of teleportation {@r4}
 u - a scroll of noise {!r}
 E - 2 scrolls of magic mapping
 H - a scroll of fog {unknown}
 I - 6 scrolls of remove curse {@r2}
 L - 4 scrolls of identify {@r1}
 U - 4 scrolls of fear
 V - a scroll of random uselessness {unknown}
Potions
 f - 2 potions of cancellation
 i - 5 potions of brilliance
 k - 3 potions of flight
 l - a potion of magic
 o - 5 potions of curing {@q1}
 q - 4 potions of invisibility
 s - 2 potions of agility
 w - 2 potions of haste {@q3}
 A - 5 potions of lignification {!q}
 B - 3 potions of resistance
 D - a potion of berserk rage
 O - a potion of mutation {!q}
 P - a potion of ambrosia
Comestibles
 e - 28 rations {!d}


   Skills:
 - Level 10.4 Fighting
 + Level 10.0 Dodging
 - Level 10.0 Unarmed Combat
 - Level 10.0 Spellcasting
 - Level 9.5 Transmutations
 + Level 5.4 Invocations


You had 17 spell levels left.
You knew the following spells:

 Your Spells              Type           Power        Failure   Level  Hunger
a - Beastly Appendage     Tmut           #####.       2%          1    None
b - Blade Hands           Tmut           #####.....   14%         5    #####..
c - Ice Form              Ice/Tmut       ###.....     28%         4    ###....
s - Sticks to Snakes      Tmut           #####...     2%          2    None
x - Spider Form           Tmut/Pois      ###.......   12%         3    None

Your spell library contained the following spells:

 Spells                   Type           Power        Failure   Level  Hunger
 Infusion                 Chrm           #...         22%         1    None
 Magic Dart               Conj           #...         22%         1    None
 Sting                    Conj/Pois      #...         22%         1    None
 Summon Small Mammal      Summ           #...         22%         1    None
 Call Imp                 Summ           #.......     30%         2    None
 Poisonous Vapours        Pois/Air       #.....       30%         2    None
 Searing Ray              Conj           #.....       30%         2    None
 Shroud of Golubria       Chrm/Tloc      #.........   30%         2    None
 Song of Slaying          Chrm           #.......     30%         2    None
 Call Canine Familiar     Summ           #.......     47%         3    None
 Dazzling Spray           Conj/Hex       #.....       47%         3    None
 Mephitic Cloud           Conj/Pois/Air  #.......     47%         3    None
 Regeneration             Chrm/Necr      #.........   47%         3    None
 Spectral Weapon          Hex/Chrm       #.......     47%         3    None
 Summon Guardian Golem    Hex/Summ       #.......     47%         3    None
 Hydra Form               Tmut           #####.....   47%         6    ######.
 Irradiate                Conj/Tmut      ###.......   54%         5    #####..
 Force Lance              Conj/Tloc      #.......     82%         4    ###....
 Fulminant Prism          Conj/Hex       #.........   82%         4    ###....
 Iskenderun's Mystic Bla  Conj           #.......     82%         4    ###....
 Olgreb's Toxic Radiance  Pois           #.......     82%         4    ###....
 Summon Ice Beast         Ice/Summ       #.......     82%         4    ###....
 Summon Lightning Spire   Summ/Air       #.......     82%         4    ###....
 Dragon Form              Tmut           #####.....   93%         7    #######
 Statue Form              Tmut/Erth      ###......    96%         6    ######.
 Venom Bolt               Conj/Pois      #.........   98%         5    #####..


Dungeon Overview and Level Annotations

Branches:
Dungeon (10/15)            Temple (1/1) D:4            Lair (4/6) D:10
  Swamp (0/4) Lair:2        Snake (0/4) Lair:2
    Orc: D:9-12

Altars:
Ashenzari
Cheibriados
Dithmenos
Elyvilon
Fedhas
Gozag
Hepliaklqana
Kikubaaqudgha
Makhleb
Nemelex Xobeh
Okawaru
Qazlal
Ru
Sif Muna
Trog
Uskayaw
Vehumet
Wu Jian
Xom
Yredelemnul
Zin
The Shining One

Shops:
D:6 *:*}

Annotations:
D:2 1 runed translucent door, Crazy Yiuf
D:5 1 runed translucent door, Forgol's ghost, novice FoFi
D:6 2 runed translucent doors, brittlin's ghost, novice NaTm
Lair:4 1 runed translucent door


Innate Abilities, Weirdness & Mutations

((You can breathe wild blasts of lightning.))
((Your glossy black scales are hard. (AC +8)))
You cannot fit into any form of body armour.
((You are resistant to electric shocks. (rElec)))
((You are cold-blooded and may be slowed by cold attacks.))


Message History

The blink frog completely misses you.
You bite the blink frog!
The blink frog looks as sick as possible!
The blink frog blinks! x2; The blink frog hits you!
* * * LOW HITPOINT WARNING * * *
You miss the blink frog.
The blink frog blinks!
You feel sick.
You are no longer poisoned.
You kill the blink frog!
Okawaru accepts your kill.
You have reached level 13!
The blink frog completely misses you.
You hit the blink frog.
Your transformation has ended.
Your +0 cloak unmelds from your body.
Your +2 hat of see invisible unmelds from your body.
Your +0 pair of gloves unmelds from your body.
Your +0 pair of boots unmelds from your body.
You feel perceptive.
The blink frog hits you but does no damage.
The blink frog barely misses you. The blink frog completely misses you.
The blink frog blinks!
The blink frog misses you.
You see here a blink frog corpse.
You turn into a venomous arachnid creature.
Your +0 cloak melds into your body.
Your +2 hat of see invisible melds into your body.
Your +0 pair of gloves melds into your body.
Your +0 pair of boots melds into your body.
The blink frog blinks!
The blink frog hits you.
* * * LOW HITPOINT WARNING * * *
You hit the blink frog. The blink frog barely misses you.
You closely miss the blink frog. The blink frog completely misses you.
You hit the blink frog.
The blink frog is poisoned.
The blink frog closely misses you.
The blink frog blinks!
Your magical contamination has completely faded away.
You barely miss the blink frog. The blink frog closely misses you.
The blink frog completely misses you.
You closely miss the blink frog. The blink frog completely misses you.
You bite the blink frog!
The blink frog looks as sick as possible!
The blink frog hits you.
* * * LOW HITPOINT WARNING * * *
You hit the blink frog.
The blink frog looks as sick as possible!
The blink frog misses you.
You hit the blink frog.
The blink frog is poisoned.
The blink frog hits you!
* * * LOW HITPOINT WARNING * * *
The blink frog blinks!
The blink frog hits you!
You die...

...........................
.###.............#..†#####P .#
#..##....... ##...# .#
...#..._..####...# .#
..###......##....# .# ..
#......##...#.#### .### .##
#.†.###...####.#### .P.##..#
###...F###..........#
........#..P...Ps##..........#
.................F...P##..####
.....................######
.............##..##..#
..............#.##PP.###
.....>.......#####PP...######
..............####...#..#.#.##
.............................#
.............................#


You could see 2 blink frogs.

Vanquished Creatures
  Gastronok (Lair:2)
  3 hydras
  Urug (Lair:2)
  5 death yaks
  An unseen horror (D:10)
  A black mamba (Lair:2)
  A centaur skeleton (D:10)
  12 spiny frogs
  3 komodo dragons (Lair:2)
  Grinder (D:3)
  A hornet (D:10)
  6 blink frogs
  3 hippogriffs
  2 bog bodies (Lair:2)
  A spriggan (D:9)
  Eustachio (D:5)
  A shadow (D:10)
  A wyvern (D:10)
  A basilisk (Lair:3)
  A wraith (D:10)
  7 yaks
  2 hungry ghosts (D:10)
  2 nagas (Lair:2)
  3 porcupines
  6 water moccasins
  7 swamp worms (D:9)
  2 hornet zombies
  5 phantoms
  An ice beast (D:5)
  2 black bears
  3 orc warriors
  5 ogres
  2 centaurs (D:9)
  7 crocodiles
  3 big kobolds
  8 bullfrogs
  2 scorpions (D:7)
  9 killer bees (D:9)
  5 howler monkeys
  6 crimson imps
  A bullfrog zombie (D:10)
  2 centaur zombies (D:9)
  7 hounds
  2 jellies
  A bullfrog skeleton (D:9)
  8 orc priests
  4 iguanas
  8 orc wizards
  Ijyb (D:4)
  10 worker ants
  A big kobold zombie (Ossuary)
  2 hound skeletons
  8 mummies
  Robin (D:2)
  4 gnolls (D:4)
  A howler monkey skeleton (D:7)
  9 adders
  3 shadow imps
  An ooze (D:4)
  An adder skeleton (D:4)
  3 worms
  2 dart slugs
  8 leopard geckos
  53 orcs
  4 bats
  9 giant cockroaches
  2 gnoll zombies (Ossuary)
  20 goblins
  5 hobgoblins
  8 jackals
  18 kobolds
  3 quokkas
  4 ball pythons
  6 frilled lizards
  A goblin zombie (D:6)
  A jackal skeleton (D:4)
  3 kobold zombies
  A leopard gecko skeleton (D:4)
  3 orc zombies (Ossuary)
  3 quokka skeletons
  11 rats
  A fungus (Lair:2)
  A plant (Lair:3)
379 creatures vanquished.

Vanquished Creatures (collateral kills)
  Sonja (Lair:3)
  A mummy (Ossuary)
2 creatures vanquished.

Vanquished Creatures (others)
  A swamp worm (D:9)
  5 plants
6 creatures vanquished.

Grand Total: 387 creatures vanquished

Notes
Turn   | Place    | Note
-------+----------+-------------------------------------------
     0 | D:1      | Norn the Draconian Transmuter began the quest for the Orb.
     0 | D:1      | Reached XP level 1. HP: 16/16 MP: 3/3
    76 | D:1      | Reached XP level 2. HP: 23/23 MP: 3/5
   425 | D:1      | Learned a level 2 spell: Sticks to Snakes
   440 | D:1      | Reached XP level 3. HP: 21/28 MP: 4/6
   916 | D:2      | Found a deep blue altar of Sif Muna.
  1290 | D:2      | Noticed Robin
  1321 | D:2      | Reached XP level 4. HP: 19/35 MP: 7/7
  1322 | D:2      | Reached skill level 5 in Unarmed Combat
  1525 | D:2      | Killed Robin
  2005 | D:2      | Found a runed translucent door.
  2006 | D:2      | Noticed Crazy Yiuf
  2114 | D:3      | Learned a level 3 spell: Spider Form
  2184 | D:3      | Found a sacrificial altar of Ru.
  2543 | D:3      | Noticed Grinder
  2561 | D:3      | Killed Grinder
  2561 | D:3      | Reached XP level 5. HP: 39/40 MP: 1/8
  2561 | D:3      | Reached XP level 6. HP: 46/47 MP: 1/9
  3084 | D:2      | Found an iron altar of Okawaru.
  3090 | D:2      | Became a worshipper of Warmaster Okawaru
  3124 | D:4      | Reached skill level 5 in Transmutations
  3337 | D:4      | Noticed Ijyb
  3472 | D:3      | HP: 2/48 [hound (5)]
  3986 | D:4      | Found a staircase to the Ecumenical Temple.
  3998 | Temple   | Entered the Ecumenical Temple
  4218 | D:4      | Killed Ijyb
  4303 | D:4      | Your scales start taking on a glossy black colour.
  4303 | D:4      | Reached XP level 7. HP: 48/56 MP: 7/11
  4303 | D:4      | Gained mutation: You are resistant to electric shocks.
                  | (rElec) [Black Draconian growth]
  4953 | D:4      | Reached * piety under Okawaru
  5141 | D:4      | Noticed a yak
  5351 | D:5      | Entered Level 5 of the Dungeon
  5453 | D:5      | Reached XP level 8. HP: 22/66 MP: 7/14
  5760 | D:5      | Noticed Eustachio
  5787 | D:5      | Killed Eustachio
  6071 | D:5      | Reached skill level 5 in Fighting
  6205 | D:5      | Found a runed translucent door.
  6205 | D:5      | Noticed Forgol's ghost (novice FoFi)
  6456 | D:5      | Reached ** piety under Okawaru
  6766 | D:6      | Found a runed translucent door.
  6766 | D:6      | Noticed brittlin's ghost (novice NaTm)
  6800 | D:6      | Reached skill level 5 in Spellcasting
  6863 | D:6      | Reached skill level 5 in Dodging
  6932 | D:6      | Found a sand-covered staircase.
  6949 | Ossuary  | Entered an ossuary
  7803 | D:6      | Reached XP level 9. HP: 75/75 MP: 15/22
  7810 | D:6      | Learned a level 5 spell: Blade Hands
  7815 | D:6      | Learned a level 4 spell: Ice Form
  7849 | D:6      | Found Tesiobek's Book Shop.
  7958 | D:6      | Found Qystiah's Gadget Shop.
  7968 | D:6      | Found Zixaesok's Assorted Antiques.
  8113 | D:6      | Found Cebam's Assorted Antiques.
  8293 | D:6      | Found a glowing silver altar of Zin.
  8293 | D:6      | Noticed an angel
  8295 | D:6      | Found a runed translucent door.
  8494 | D:7      | Reached XP level 10. HP: 81/83 MP: 23/23
  8880 | D:6      | Bought a book of Transfigurations for 660 gold pieces
  9100 | D:7      | Reached *** piety under Okawaru
 11095 | D:9      | Reached **** piety under Okawaru
 12462 | D:10     | Entered Level 10 of the Dungeon
 12582 | D:10     | Reached XP level 11. HP: 92/92 MP: 18/24
 12680 | D:10     | Noticed a death yak
 12738 | D:10     | Noticed a death yak
 12738 | D:10     | Noticed a death yak
 12738 | D:10     | Noticed a death yak
 12739 | D:10     | Noticed a death yak
 12757 | D:9      | Killed a death yak
 12984 | D:10     | Found a staircase to the Lair.
 13034 | D:10     | Reached ***** piety under Okawaru
 13564 | D:10     | Killed a death yak
 13571 | D:10     | HP: 3/94 [death yak (28)]
 13580 | D:10     | Noticed an unseen horror
 13944 | D:10     | Killed an unseen horror
 14052 | D:10     | Killed a death yak
 14119 | D:9      | Killed a death yak
 14399 | D:10     | Reached skill level 10 in Unarmed Combat
 14406 | D:10     | Killed a death yak
 14692 | Lair:1   | Entered Level 1 of the Lair of Beasts
 14832 | Lair:1   | Reached ****** piety under Okawaru
 15407 | Lair:1   | Reached XP level 12. HP: 104/105 MP: 21/25
 15870 | Lair:2   | Found a staircase to the Snake Pit.
 15975 | Lair:2   | Noticed Urug
 16243 | Lair:2   | Killed Urug
 16676 | Lair:2   | Found a staircase to the Swamp.
 16746 | Lair:2   | Noticed Gastronok
 16766 | Lair:2   | Killed Gastronok
 16766 | Lair:2   | Reached skill level 10 in Fighting
 17181 | Lair:2   | Reached skill level 10 in Spellcasting
 17780 | Lair:3   | Noticed a seven-headed hydra
 17795 | Lair:3   | Killed a seven-headed hydra
 18014 | Lair:3   | Noticed Sonja
 18276 | Lair:3   | Killed Sonja
 18574 | Lair:3   | Received a gift from Okawaru
 20038 | Lair:4   | Noticed a six-headed hydra
 20058 | Lair:4   | Killed a six-headed hydra
 20419 | Lair:4   | Found a runed translucent door.
 20526 | Lair:4   | Noticed an eight-headed hydra
 20530 | Lair:4   | Killed an eight-headed hydra
 20530 | Lair:4   | Reached skill level 5 in Invocations
 20639 | Lair:4   | Reached skill level 10 in Dodging
 20642 | Lair:4   | Found a hazy altar of Hepliaklqana.
 20682 | Lair:4   | Reached XP level 13. HP: 26/114 MP: 24/27
 20694 | Lair:4   | Slain by a blink frog

Skill      XL: |  1  2  3  4  5  6  7  8  9 10 11 12 |
---------------+-------------------------------------+-----
Unarmed Combat | 4 5 6 8 10 | 10.0
Transmutations | 4 5 9 |  9.5
Dodging        | 2 3 5 6 8 10 | 10.0
Fighting       | 2 4 5 6 7 9 10 | 10.4
Spellcasting   | 4 9 10 | 10.0
Invocations    | 5 |  5.4

Action                   |  1- 3 |  4- 6 |  7- 9 | 10-12 | 13-15 || total
-------------------------+-------+-------+-------+-------+-------++-------
Melee: Unarmed           |   141 |   157 |   361 |   578 |     9 ||  1246
       Kick              |    14 |     6 |     1 |       |       ||    21
       Tailslap          |    10 |    15 |    20 |    75 |       ||   120
       Headbutt          |     8 |     6 |     2 |       |       ||    16
       Punch             |       |     1 |       |    11 |       ||    12
 Fire: Hunting sling     |       |     9 |       |       |       ||     9
Throw: Stone             |       |       |     2 |       |       ||     2
 Cast: Beastly Appendage |    26 |    18 |     3 |       |       ||    47
       Sticks to Snakes  |       |     8 |     4 |     9 |       ||    21
       Spider Form       |       |     5 |    35 |     3 |     1 ||    44
       Blade Hands       |       |       |     4 |    82 |       ||    86
       Ice Form          |       |       |       |     3 |       ||     3
 Abil: Breathe Lightning |       |       |     2 |       |       ||     2
Evoke: Wand              |       |       |       |    12 |       ||    12
  Use: Potion            |       |     1 |     2 |     7 |       ||    10
       Scroll            |       |       |    14 |    17 |       ||    31
 Stab: Sleeping          |     2 |     1 |       |     1 |       ||     4
  Eat: Chunk             |     2 |    10 |    12 |    41 |       ||    65
       Ration            |       |       |     2 |     7 |       ||     9
Armor: Skin              |    42 |    40 |    33 |    74 |     1 ||   190
Dodge: Dodged            |    99 |    99 |   252 |   495 |    11 ||   956
